 Dungeon Crawl Stone Soup version 0.27.1-35-g4d5d836560 (webtiles) character file.

Game seed: 16830593950979399855

269 Delamore the Sneak (level 6, -21/39 HPs)
             Began as an Octopode Brigand on May 16, 2022.
             Blown up by Ijyb (25 damage)
             ... with a mindburst bolt
             ... on level 3 of the Dungeon.
             The game lasted 00:02:47 (2686 turns).

Delamore the Sneak (Octopode Brigand)               Turns: 2686, Time: 00:02:48

Health: -21/39     AC:  1    Str: 10    XL:     6   Next: 22%
Magic:  6/6        EV: 13    Int: 13    God:
Gold:   68         SH:  0    Dex: 16    Spells: 5/5 levels left

rFire    . . .     SeeInvis .   a - +3 dagger
rCold    . . .     Faith    .   (no shield)
rNeg     . . .     Spirit   .   (helmet restricted)
rPois    .         Reflect  .   (no amulet)
rElec    .         Harm     .   (no ring)
rCorr    .         Rampage  .   (no ring)
Will     .....                  (no ring)
Stlth    ++++......             (no ring)
HPRegen  0.13/turn              (no ring)
MPRegen  0.10/turn              (no ring)
                                (no ring)
                                (no ring)

@: hasted, very quick
A: almost no armour, amphibious, 8 rings, camouflage 1, gelatinous body 1,
(nimble swimmer 1), tentacles
a: no special abilities


You were on level 3 of the Dungeon.
You visited 1 branch of the dungeon, and saw 3 of its levels.

You collected 68 gold pieces.

Inventory:

Hand Weapons
 a - a +3 dagger (weapon)
Missiles
 b - 15 poisoned darts (quivered)
 f - 36 stones
Scrolls
 d - a scroll of enchant weapon
 e - 2 scrolls of identify
 g - a scroll of amnesia
Potions
 h - a potion of haste


   Skills:
 - Level 2.0 Fighting
 * Level 5.3 Short Blades
 + Level 3.9 Throwing
 - Level 1.0 Dodging
 - Level 5.3 Stealth


You had 5 spell levels left.
You didn't know any spells.
Your spell library was empty.

Dungeon Overview and Level Annotations

Branches:
Dungeon (3/15)

Altars:

Annotations:
D:3 Ijyb


Innate Abilities, Weirdness & Mutations

You cannot wear most types of armour.
You are amphibious.
You can wear up to eight rings at the same time.
Your skin changes colour to match your surroundings (Stealth+).
Your rubbery body absorbs attacks. (AC +1, EV +1)
((You are camouflaged near water. (Stealth+)))
You have tentacles for arms and can constrict up to eight enemies at once.


Message History

You hit the rat.
You kill the rat!
You start resting.
Ijyb is nearby!
Ijyb is nearby!
Throw: dart (curare)
Press: ? - help, Q - select action, (/) - cycle Shift-Dir - straight line, f - Ijyb
Aim: Ijyb, wielding a +0 club, wearing a +3 leather armour of cold resistance and carrying a wand of mindburst (13) (wandering, hasn't noticed you, 55% to hit)
You throw a curare-tipped dart.
The curare-tipped dart barely misses Ijyb.
Ijyb shouts!
Ijyb closely misses you.
You barely miss Ijyb. Your grab misses Ijyb. Ijyb closely misses you.
You hit Ijyb but do no damage. You grab Ijyb.
You constrict Ijyb, but do no damage. Ijyb hits you with a +0 club.
You hit Ijyb.
Ijyb is lightly wounded.
You constrict Ijyb, but do no damage. You hit Ijyb. Your squeeze misses Ijyb.
Ijyb is moderately wounded.
You constrict Ijyb. Ijyb misses you.
You hit Ijyb but do no damage.
Ijyb is moderately wounded.
You constrict Ijyb, but do no damage. Ijyb hits you with a +0 club.
You hit Ijyb. You squeeze Ijyb, but do no damage.
Ijyb is moderately wounded.
You constrict Ijyb.
Ijyb zaps a wand.
Your mind is blasted!
Ouch! That really hurt!
* * * LOW HITPOINT WARNING * * *
You feel yourself speed up.
You constrict Ijyb, but do no damage. Ijyb misses you.
The hobgoblin shouts!
You hit Ijyb.
Ijyb is heavily wounded.
You constrict Ijyb, but do no damage. You hit Ijyb but do no damage.
Ijyb is heavily wounded.
You constrict Ijyb, but do no damage.
Ijyb zaps a wand.
Your mind is blasted!
Ouch! That really hurt!
You die...

####.#.#. . #..........#
. #...........# .
#.............. .
####..........#... #
#.............#.........
#.##...>................
#.##..........# ........
#......@..(.(# .......
#.#####.g)()(# .......
##.# #.g.?..### #.....)
##..# #.....(.)###))....
##...#
###.####..†.))....
#....# .... ####...?...
#.#### ..<.... #...g....
#.# ..........
...#.....# ##.#
...........#####...##


You could see Ijyb and a hobgoblin.

Vanquished Creatures
  An orc wizard (D:3)
  4 gnolls (D:3)
  An adder (D:2)
  A worm (D:3)
  2 dart slugs
  5 orcs
  4 ball pythons
  4 endoplasms
  A giant cockroach (D:1)
  6 goblins
  6 hobgoblins
  9 kobolds
  3 quokkas
  A ball python skeleton (D:2)
  A bat (D:2)
  A frilled lizard (D:1)
  7 rats
57 creatures vanquished.

Vanquished Creatures (others)
  Sigmund (D:2)
1 creature vanquished.

Grand Total: 58 creatures vanquished

Notes
Turn   | Place    | Note
-------+----------+-------------------------------------------
     0 | D:1      | Delamore the Octopode Brigand began the quest for the Orb.
     0 | D:1      | Reached XP level 1. HP: 14/14 MP: 1/1
   309 | D:1      | Reached XP level 2. HP: 19/19 MP: 2/2
   529 | D:1      | Found a faded altar of an unknown god.
   773 | D:1      | Reached XP level 3. HP: 24/24 MP: 3/3
  1212 | D:2      | Noticed Sigmund
  1642 | D:2      | Killed Sigmund
  1643 | D:2      | Reached XP level 4. HP: 27/29 MP: 4/4
  1643 | D:2      | Reached XP level 5. HP: 31/34 MP: 5/5
  2396 | D:3      | Reached skill level 5 in Short Blades
  2400 | D:3      | Noticed Ijyb
  2405 | D:3      | Reached XP level 6. HP: 28/39 MP: 6/6
  2454 | D:3      | HP: 1/39 [orc wizard (2)]
  2686 | D:3      | Blown up by Ijyb

Illustrated notes

Levels and vault maps discovered:
D:1:      lemuel_arrival_tunnels, layout_loops_ring,
          ebering_ecumenical_altar_mist, st_stairs_7, fountainhead
D:2:      layout_loops_ring, supply_closet_lemuel, minmay_tetromino_i4,
          uniq_sigmund
D:3:      layout_rooms, doesnt_xom_only_xom, uniq_grinder, uniq_ijyb

Skill      XL: |  1  2  3  4  5 |
---------------+----------------+-----
Short Blades   | 3 4 5 |  5.3
Throwing       | 3 |  3.9
Fighting       | |  2.0
Dodging        | |  1.0
Stealth        | |  5.3

Action                   |  1- 3 |  4- 6 || total
-------------------------+-------+-------++-------
Melee: Dagger            |    56 |    64 ||   120
       Constrict         |    10 |    17 ||    27
       Tentacles         |     5 |    17 ||    22
Throw: Stone             |    18 |     7 ||    25
       Dart              |     5 |    12 ||    17
  Use: Scroll            |     1 |     2 ||     3
       Potion            |       |     1 ||     1
 Stab: Sleeping          |     7 |     2 ||     9
Armor: Skin              |     4 |       ||     4
Dodge: Dodged            |    22 |    35 ||    57
